Map: Cañón atribulado

Players

MrFercho

  • Race: Zerg Zerg
  • League: Gold
  • Spawn Location: 7:00

tigro

  • Race: Terran Terran
  • League: Bronze
  • Spawn Location: 6:00

TATORREA

  • Race: Protoss Protoss
  • League: Gold
  • Spawn Location: 6:00

Boushiki

  • Race: Zerg Zerg
  • Spawn Location: 12:00

DKWind

  • Race: Terran Terran
  • Spawn Location: 3:00

Coolja

  • Race: Protoss Protoss
  • League: Gold
  • Spawn Location: 12:00

VOD

Have the link to the VOD?

Description

Time

  • Played on: Aug. 20, 2020, 9:13 p.m.
  • Length: 22:56
Show
View Real Time Build Order
Export as new Build Order

MrFercho Zerg 

Build Orders: Hatch First, Lurkers 

Get SALT Encoding   

  12  0:01  Drone  
  13  0:17  Overlord  
  13  0:23  Drone  
  14  0:43  Drone x3  
  17  0:58  Drone  
  17  1:01  Hatchery  
  17  1:06  Drone  
  18  1:13  Extractor  
  17  1:19  Spawning Pool  
  17  1:22  Drone  
  17  1:26  Drone  
  18  1:37  Drone  
  19  1:51  Drone  
  20  1:59  Overlord  
  20  2:13  Queen  
  20  2:14  Queen  
  24  2:17  Zergling x4  
  24  2:20  Metabolic Boost, Drone  
  27  2:29  Drone  
  28  2:30  Overlord  
  28  2:41  Drone  
  29  2:50  Drone  
  29  2:51  Drone  
  31  2:53  Lair  
  31  2:57  Queen  
  33  3:03  Drone x2  
  35  3:06  Overlord  
  35  3:09  Drone  
  36  3:19  Drone  
  38  3:20  Drone  
  38  3:23  Drone x3  
  41  3:44  Drone x3  
  41  3:45  Roach Warren  
  41  3:46  Zergling x4  
  45  3:49  Evolution Chamber  
  45  3:53  Evolution Chamber  
  43  3:59  Overlord x2  
  43  4:00  Overlord  
  43  4:01  Drone  
  44  4:13  Spore Crawler  
  44  4:16  Spore Crawler  
  42  4:19  Overseer  
  42  4:30  Glial Reconstitution, Zerg Missile Weapons Level 1  
  42  4:37  Drone  
  43  4:38  Queen  
  45  4:46  Drone x2  
  45  4:47  Drone x6  
  45  4:51  Extractor x2  
  45  4:52  Queen  
  53  5:20  Roach x6  
  65  5:27  Spine Crawler x2  
  63  5:29  Spine Crawler  
  61  5:44  Roach x2  
  61  5:45  Overlord x3  
  61  5:47  Drone x2  
  61  5:49  Zergling x6  
  66  6:04  Roach  
  66  6:05  Roach  
  63  6:19  Roach x2  
  67  6:26  Drone  
  67  6:27  Drone x2  
  70  6:45  Hydralisk Den  
  70  6:46  Drone  
  70  6:47  Drone x2  
  72  6:55  Roach  
  72  6:56  Roach x3  
  72  6:57  Hatchery  
  79  7:02  Hatchery  
  80  7:22  Roach  
  80  7:23  Roach x6  
  80  7:26  Drone  
  93  7:45  Overlord x2  
  93  7:47  Lair  
  93  7:57  Hydralisk  
  93  7:58  Hydralisk x2  
  99  8:07  Zerg Missile Weapons Level 2  
  99  8:25  Hydralisk  
  99  8:26  Hydralisk x2  
  105  8:38  Hydralisk x2  
  96  9:12  Lurker Den  
  96  9:15  Drone x11  
  96  9:16  Drone x4  
  110  9:21  Hydralisk x2  
  110  9:22  Hydralisk x2  
  118  9:27  Extractor  
  112  9:49  Hydralisk x2  
  112  9:50  Hydralisk x3  
  114  9:59  Hydralisk  
  100  10:00  Hydralisk  
  100  10:01  Zergling x4  
  100  10:02  Zergling x28  
  102  10:15  Zergling x8  
  106  10:31  Hydralisk x7  
  119  10:40  Hydralisk x2  
  113  10:48  Hydralisk  
  107  10:58  Queen  
  107  11:00  Queen  
  107  11:01  Drone x2  
  107  11:02  Drone x4  
  115  11:06  Spore Crawler  
  113  11:19  Extractor  
  113  11:22  Extractor  
  111  11:34  Lurker  
  111  11:35  Lurker x4  
  116  11:49  Infestation Pit  
  116  11:50  Queen  
  117  11:56  Zerg Ground Armor Level 1  
  95  12:41  Hydralisk x8  
  95  12:42  Hydralisk x4  
  108  12:50  Zergling x16  
  112  12:59  Baneling Nest  
  111  13:08  Overlord x6  
  111  13:10  Overlord x2  
  112  13:12  Drone  
  112  13:24  Lair  
  112  13:30  Hatchery  
  109  13:52  Centrifical Hooks  
  109  13:54  Nydus Network, Zergling x6  
  109  13:55  Zergling x42  
  132  14:00  Overseer  
  132  14:03  Lurker x4  
  132  14:05  Zergling x2  
  132  14:06  Zergling x2  
  138  14:12  Hive  
  138  14:28  Spire  
  126  14:53  Drone  
  127  15:00  Muscular Augments  
  98  15:32  Hydralisk x9  
  98  15:33  Hydralisk x4  
  108  15:51  Hatchery  
  108  15:55  Hydralisk x5  
  107  16:12  Hatchery, Grooved Spines  
  106  16:18  Spore Crawler  
  106  16:20  Spore Crawler  
  98  16:36  Corruptor x9  
  116  16:41  Viper  
  119  16:59  Drone x3  
  119  17:00  Spore Crawler  
  121  17:01  Spore Crawler  
  122  17:10  Queen  
  120  17:35  Corruptor x7  
  132  17:46  Queen, Drone x6  
  132  17:51  Queen  
  140  17:54  Overlord  
  142  17:59  Zerg Missile Weapons Level 3  
  142  18:08  Extractor  
  142  18:11  Extractor  
  142  18:12  Spore Crawler  
  139  18:21  Queen  
  139  18:26  Queen  
  141  18:28  Hydralisk x5  
  153  18:35  Lurker x2  
  153  18:36  Lurker x2  
  153  18:38  Zergling x4  
  157  18:57  Queen  
  157  19:02  Queen  
  145  19:37  Nydus Canal  
  139  19:44  Corruptor x10  
  130  20:02  Corruptor  
  127  20:27  Greater Spire  
  122  20:31  Zergling x2  
  122  20:32  Zergling x10  
  114  21:09  Hatchery  
  113  21:23  Hatchery  
  89  21:41  Hydralisk  
  89  21:42  Hydralisk x14  
  113  21:50  Brood Lord x11  
  113  21:51  Corruptor  
  113  21:52  Corruptor x2  
  141  22:26  Corruptor x4  
  141  22:28  Hatchery x2  
Show
View Real Time Build Order
Export as new Build Order

tigro Terran 

Build Orders:  

Get SALT Encoding   

  12  0:14  SCV  
  12  0:21  Supply Depot  
  13  0:26  SCV  
  14  0:38  SCV  
  15  0:44  Supply Depot  
  15  0:51  Barracks, SCV  
  16  1:03  SCV  
  17  1:04  Refinery  
  17  1:15  SCV  
  18  1:25  Refinery  
  18  1:27  SCV  
  19  1:39  SCV  
  20  1:40  Marine  
  21  1:51  SCV  
  22  1:58  Marine  
  23  2:03  SCV  
  24  2:16  Marine  
  24  2:17  Factory  
  24  2:19  SCV  
  26  2:33  Marine  
  27  2:38  Orbital Command  
  27  2:51  Marine  
  28  3:04  Factory Tech Lab  
  28  3:14  Engineering Bay  
  28  3:24  Siege Tank  
  31  3:32  Barracks Tech Lab  
  31  3:52  Combat Shield  
  31  3:54  Command Center  
  31  3:56  Siege Tank  
  34  4:15  Missile Turret  
  34  4:28  Siege Tank  
  35  4:32  Missile Turret  
  27  5:05  Marine  
  28  5:22  Marine  
  29  5:40  Marine  
  30  5:58  Marine  
  31  6:11  SCV  
  32  6:16  Marine, Starport  
  33  6:19  Missile Turret  
  33  6:23  SCV  
  34  6:34  Marine  
  34  6:35  SCV  
  34  6:39  Refinery  
  36  6:47  SCV  
  36  6:51  Marine  
  36  6:53  Missile Turret  
  38  6:54  Starport  
  38  6:59  SCV  
  39  7:09  Marine  
  39  7:11  SCV  
  41  7:15  Missile Turret  
  41  7:23  SCV  
  41  7:27  Marine  
  43  7:41  Medivac, Missile Turret  
  43  7:43  Starport Tech Lab  
  45  7:53  SCV  
  46  8:01  Refinery  
  46  8:05  SCV  
  47  8:11  Medivac  
  49  8:17  SCV  
  49  8:19  Stimpack  
  50  8:25  Missile Turret  
  47  8:29  SCV  
  46  8:41  SCV  
  46  8:53  SCV  
  47  9:05  SCV  
  48  9:17  SCV  
  48  9:18  Missile Turret  
  49  9:29  SCV  
  46  9:38  Missile Turret  
  46  9:41  SCV  
  36  9:47  Marine  
  33  9:54  SCV  
  32  10:01  Starport Tech Lab  
  32  10:05  Marine  
  32  10:06  SCV  
  17  10:22  Viking, Marine  
  17  10:23  Viking  
  17  10:40  Marine  
  17  10:52  Viking  
  17  10:53  Viking  
  21  10:58  Marine  
  22  11:22  Viking x2  
  22  11:24  Command Center  
  15  12:48  Barracks Tech Lab  
  11  12:52  Cyclone  
  14  13:12  Missile Turret  
  14  13:14  Hi-Sec Auto Tracking  
  14  13:36  Missile Turret  
  14  13:47  SCV  
  15  13:59  SCV  
  16  14:11  SCV  
  17  14:18  Marine  
  17  14:23  SCV  
  16  14:35  SCV  
  16  14:36  Marine  
  18  14:48  SCV  
  19  14:53  Marine  
  20  15:00  SCV  
  21  15:11  Marine  
  21  15:12  SCV  
  22  15:24  SCV  
  23  15:29  Marine  
  23  15:38  Medivac  
  25  15:43  Cyclone  
  25  15:47  Marine, Orbital Command  
  28  16:05  Marine  
  29  16:15  Cyclone  
  32  16:22  Marine  
  30  16:40  Marine  
  31  16:48  Cyclone  
  34  16:58  Marine  
  35  17:16  Marine  
  35  17:18  Terran Infantry Weapons Level 1  
  35  17:20  Cyclone  
  39  17:24  Command Center  
  39  17:34  Marine  
  40  17:49  SCV  
  41  17:52  Marine, Cyclone  
  45  18:01  SCV  
  46  18:09  Marine  
  47  18:35  Marine  
  47  18:36  Cyclone, SCV  
  52  18:48  SCV  
  53  18:53  Supply Depot, Marine  
  54  19:00  SCV  
  55  19:08  Cyclone  
  57  19:11  Marine  
  57  19:12  Terran Infantry Armor Level 1, SCV  
  57  19:15  Supply Depot  
  59  19:24  SCV  
  59  19:29  Marine  
  60  20:00  SCV  
  58  20:09  Armory  
  58  20:12  SCV  
  58  20:13  Medivac  
  46  20:14  Medivac  
  47  20:24  SCV  
  47  20:27  Barracks  
  42  20:36  SCV  
  43  20:43  Marine  
  43  20:49  SCV  
  37  21:01  Marine  
  38  21:06  Neosteel Armor  
  38  21:18  Barracks Reactor  
  38  21:19  Marine  
  39  21:26  Orbital Command  
  39  21:37  Marine  
  40  21:51  Cyclone  
  43  21:54  Marine  
  44  22:12  Marine  
  45  22:23  Cyclone  
  45  22:30  Marine  
Show
View Real Time Build Order
Export as new Build Order

TATORREA Protoss 

Build Orders:  

Get SALT Encoding   

  12  0:02  Probe  
  13  0:14  Probe  
  14  0:24  Pylon  
  14  0:26  Probe  
  15  0:42  Probe  
  16  0:47  Gateway  
  16  0:54  Probe  
  17  1:06  Probe  
  18  1:16  Gateway  
  18  1:18  Probe  
  18  1:24  Assimilator  
  19  1:27  Pylon  
  19  1:30  Pylon, Probe  
  20  1:42  Probe  
  20  1:44  Cybernetics Core  
  21  1:51  Assimilator  
  21  1:54  Probe  
  22  2:07  Probe  
  23  2:09  Gateway  
  23  2:19  Probe  
  23  2:25  Twilight Council  
  23  2:33  Warp Gate  
  23  2:35  Adept  
  25  2:40  Adept  
  27  2:57  Resonating Glaives (Chrono Boost)  
  27  3:06  Adept  
  27  3:09  Adept  
  31  3:13  Adept  
  33  3:35  Nexus  
  33  3:40  Pylon  
  33  3:47  Adept  
  35  3:51  Adept  
  37  4:08  Robotics Facility  
  37  4:10  Probe  
  31  4:22  Probe  
  29  4:35  Probe  
  19  5:59  Stalker x3  
  25  6:10  Probe  
  25  6:11  Probe  
  15  7:15  Probe (Chrono Boost)  
  15  7:16  Probe (Chrono Boost)  
  15  7:26  Probe x2 (Chrono Boost)  
  17  7:30  Probe x2 (Chrono Boost)  
  19  7:39  Charge (Chrono Boost)  
  19  7:41  Probe (Chrono Boost)  
  19  7:42  Probe (Chrono Boost)  
  18  7:53  Probe (Chrono Boost)  
  18  7:54  Probe (Chrono Boost)  
  15  8:01  Probe (Chrono Boost)  
  16  8:22  Probe (Chrono Boost)  
  16  8:23  Probe (Chrono Boost)  
  20  8:34  Probe (Chrono Boost)  
  20  8:35  Probe (Chrono Boost)  
  20  8:39  Probe x2 (Chrono Boost)  
  22  8:48  Probe x2  
  24  9:01  Probe x2  
  26  9:13  Probe x2  
  28  9:19  Stalker  
  30  9:25  Probe x2  
  30  9:31  Stalker  
  34  9:37  Probe x2  
  36  9:49  Probe x2  
  38  10:03  Stalker x3  
  44  10:07  Probe  
  44  10:08  Probe  
  46  10:27  Stalker  
  46  10:28  Stalker  
  50  10:29  Stalker  
  50  10:30  Probe x2  
  54  10:42  Probe x2  
  56  10:54  Probe x2  
  56  11:18  Probe x2  
  58  11:30  Probe x2  
  60  11:36  Assimilator  
  60  11:37  Assimilator  
  60  11:40  Pylon  
  60  11:42  Pylon  
  60  11:44  Pylon  
  60  11:48  Pylon, Nexus  
  60  11:51  Probe x2  
  62  12:03  Probe x2  
  64  12:10  Gateway  
  64  12:15  Gateway  
  64  12:16  Gateway  
  64  12:20  Gateway, Probe  
  64  12:32  Probe  
  64  12:34  Stalker x2  
  64  12:35  Stalker  
  69  13:13  Stalker x2  
  69  13:14  Stalker x2  
  69  13:36  Probe  
  70  13:48  Probe  
  71  13:59  Nexus  
  71  14:00  Probe  
  72  14:04  Stalker  
  72  14:05  Stalker  
  72  14:08  Stalker  
  78  14:26  Nexus  
  78  14:41  Probe  
  79  15:07  Probe  
  72  15:19  Probe  
  71  15:31  Probe  
  72  15:43  Probe  
  73  15:59  Stalker x3  
  73  16:00  Stalker x2  
  73  16:01  Stalker x2  
  87  16:15  Immortal (Chrono Boost)  
  87  16:17  Assimilator  
  91  16:21  Assimilator  
  91  16:47  Immortal  
  91  16:50  Stalker  
  91  16:51  Stalker x4  
  91  16:52  Stalker x2  
  109  17:18  Nexus  
  109  17:19  Pylon  
  109  17:22  Pylon  
  109  17:31  Gateway  
  109  17:32  Gateway  
  109  17:35  Gateway  
  109  17:37  Blink (Chrono Boost)  
  109  17:39  Stalker x2  
  109  17:40  Stalker x4  
  109  17:41  Stalker  
  123  17:57  Probe x2  
  125  18:10  Pylon  
  125  18:14  Pylon  
  125  18:19  Pylon  
  125  18:23  Pylon  
  125  18:29  Immortal, Probe  
  125  18:30  Stalker x4, Pylon  
  125  18:31  Stalker x3  
  144  18:34  Pylon  
  144  18:46  Probe  
  144  18:47  Probe x2  
  147  19:08  Immortal  
  151  19:12  Stalker  
  151  19:13  Stalker x6  
  151  19:14  Stalker x3  
  139  19:47  Immortal  
  120  20:26  Immortal  
  48  21:06  Immortal  
  48  21:56  Cybernetics Core  
  48  22:03  Nexus  
  48  22:05  Pylon  
  48  22:06  Assimilator  
  48  22:07  Pylon  
  48  22:11  Assimilator  
  48  22:15  Immortal  
Show
View Real Time Build Order
Export as new Build Order

Boushiki Zerg 

Build Orders: Pool First 

Get SALT Encoding   

  12  0:01  Drone  
  13  0:09  Drone  
  14  0:32  Spawning Pool  
  13  0:36  Overlord  
  13  0:39  Drone  
  14  0:45  Extractor  
  14  0:46  Drone  
  14  0:50  Extractor  
  14  0:52  Drone  
  14  0:59  Drone  
  15  1:10  Drone  
  16  1:19  Queen  
  16  1:20  Drone  
  19  1:30  Roach Warren  
  19  1:32  Drone  
  19  1:50  Drone  
  20  2:07  Drone x2  
  22  2:16  Overlord  
  22  2:28  Hatchery  
  21  2:35  Roach  
  21  2:36  Roach  
  27  2:37  Roach  
  27  2:38  Drone  
  28  2:47  Drone  
  29  2:57  Overlord  
  29  3:01  Lair  
  29  3:04  Zergling x2  
  30  3:17  Drone  
  31  3:25  Zergling x2, Roach  
  34  3:34  Evolution Chamber, Drone  
  35  3:39  Roach  
  35  3:41  Drone  
  37  3:45  Overlord  
  37  3:50  Queen  
  39  4:04  Evolution Chamber  
  39  4:09  Roach x2  
  42  4:18  Hydralisk Den, Drone  
  42  4:21  Drone  
  43  4:31  Zergling x2  
  43  4:32  Zergling x4  
  46  5:00  Zerg Missile Weapons Level 1  
  46  5:03  Zerg Melee Weapons Level 1  
  46  5:24  Hatchery  
  46  5:25  Roach  
  46  5:26  Roach x2  
  46  5:27  Overlord  
  48  5:48  Roach x3  
  53  5:52  Glial Reconstitution  
  53  5:57  Roach  
  53  5:58  Roach  
  53  6:00  Zergling x2  
  53  6:03  Drone  
  50  6:22  Drone x3  
  50  6:24  Drone  
  50  6:25  Drone  
  55  6:32  Hydralisk  
  57  6:43  Hydralisk x2  
  57  6:44  Overlord  
  59  7:02  Hydralisk x2  
  59  7:03  Hydralisk x2  
  67  7:11  Drone x3  
  70  7:18  Queen  
  72  7:28  Zerg Missile Weapons Level 2  
  72  7:31  Overlord  
  72  7:42  Drone x2  
  72  7:43  Overlord  
  74  7:46  Overseer  
  74  7:49  Extractor  
  73  7:56  Spire  
  73  7:58  Muscular Augments  
  72  8:04  Drone  
  73  8:07  Drone x2  
  73  8:08  Drone  
  76  8:13  Hydralisk  
  76  8:19  Drone x2  
  80  8:45  Nydus Network  
  71  8:56  Hydralisk x3  
  71  8:57  Roach x3  
  71  8:59  Zergling x6  
  71  9:00  Zergling x12  
  90  9:12  Overlord x2  
  90  9:18  Extractor  
  85  9:43  Roach x3  
  85  9:44  Hydralisk x3, Roach x4  
  85  9:45  Zergling x2  
  81  9:54  Roach  
  81  9:55  Roach x2  
  74  10:04  Drone  
  68  10:23  Roach x4  
  68  10:24  Zergling x6  
  68  10:25  Zergling x4  
  81  10:37  Baneling Nest  
  69  10:56  Extractor  
  68  10:59  Extractor  
  68  11:02  Mutalisk x3  
  73  11:06  Zerg Flyer Weapons Level 1  
  73  11:12  Drone  
  73  11:13  Drone x2  
  76  11:28  Infestation Pit  
  76  11:32  Pneumatized Carapace  
  75  11:41  Grooved Spines  
  75  11:42  Hydralisk x2  
  79  11:47  Zergling x4  
  79  11:48  Zergling x14  
  88  12:04  Zergling x2, Roach x3  
  95  12:21  Drone x2  
  95  12:22  Drone x4  
  101  12:24  Hatchery  
  56  12:48  Mutalisk x4  
  60  12:54  Baneling  
  60  12:55  Baneling  
  60  12:59  Hydralisk, Roach  
  60  13:00  Hydralisk, Roach x3  
  60  13:04  Drone x2  
  74  13:17  Drone  
  74  13:18  Drone x5  
  80  13:22  Hydralisk  
  82  13:28  Drone x2  
  82  13:30  Drone  
  85  13:38  Drone x3  
  88  13:45  Drone  
  89  13:49  Mutalisk x3  
  95  14:01  Roach x4  
  101  14:33  Roach x2  
  98  14:46  Hydralisk  
  98  14:47  Hydralisk x2  
  98  14:48  Zergling x6  
  98  14:49  Roach x2  
  98  14:51  Overlord x3  
  111  14:53  Drone  
  92  15:19  Roach x7  
  104  15:24  Hydralisk x4  
  104  15:25  Hydralisk x2  
  110  15:34  Roach x6  
  113  15:53  Zerg Melee Weapons Level 2  
  101  15:57  Roach x2  
  101  15:58  Zergling x6, Roach x2  
  110  16:05  Queen, Drone  
  110  16:10  Drone x3  
  116  16:13  Zerg Flyer Weapons Level 2  
  116  16:18  Hive  
  116  16:24  Extractor  
  115  16:25  Extractor  
  115  16:26  Drone x2  
  116  16:34  Hydralisk x2  
  116  16:35  Hydralisk x4  
  116  16:37  Zergling x2  
  116  16:38  Zergling x10  
  134  16:41  Queen  
  136  16:47  Zerg Ground Armor Level 1  
  136  17:02  Overlord x2  
  136  17:20  Overlord  
  136  17:21  Overlord x3  
  136  17:28  Hydralisk x3  
  136  17:29  Hydralisk x2  
  146  17:31  Overlord x4  
  146  17:32  Overlord  
  146  17:40  Drone x4  
  150  17:48  Mutalisk x3  
  150  17:49  Mutalisk x3  
  162  17:53  Corruptor x3  
  162  17:55  Overlord  
  168  18:00  Drone  
  169  18:13  Baneling x4  
  169  18:14  Baneling x4  
  169  18:15  Centrifical Hooks  
  169  18:24  Metabolic Boost  
  169  18:38  Mutalisk x6  
  169  18:39  Mutalisk x2  
  169  18:40  Zergling x4  
  187  18:46  Baneling x3  
  184  19:09  Mutalisk x2  
  184  19:10  Mutalisk x2  
  184  19:11  Zergling x8  
  184  19:12  Roach  
  198  19:20  Mutalisk  
  200  19:28  Greater Spire  
  196  19:38  Mutalisk x2  
  195  19:41  Zerg Melee Weapons Level 3  
  181  19:55  Hydralisk x5  
  176  20:06  Hydralisk x3  
  139  20:23  Zergling x2, Hydralisk x2  
  139  20:24  Zergling x6  
  133  20:29  Hydralisk  
  133  20:35  Zergling x2, Roach x2  
  108  20:48  Zergling x2  
  108  20:49  Zergling x4  
  110  20:54  Baneling x4  
  107  21:13  Hydralisk x3  
  107  21:14  Zergling x8  
  106  21:41  Hatchery  
  106  21:45  Brood Lord  
  106  22:08  Baneling  
  106  22:09  Baneling x5  
  105  22:26  Hydralisk x2  
  105  22:27  Zergling x4  
  105  22:28  Zergling x8  
Show
View Real Time Build Order
Export as new Build Order

DKWind Terran 

Build Orders:  

Get SALT Encoding   

  12  0:00  SCV  
  13  0:17  Supply Depot  
  13  0:31  SCV  
  14  0:46  Barracks, SCV  
  15  0:58  SCV  
  15  1:00  Barracks  
  15  1:02  Refinery  
  16  1:11  SCV  
  17  1:24  SCV  
  18  1:37  Barracks  
  18  2:05  Barracks Tech Lab  
  18  2:16  Barracks Tech Lab  
  18  2:17  Supply Depot  
  18  2:35  Command Center  
  18  2:44  Supply Depot  
  18  2:49  SCV  
  19  2:56  Barracks Tech Lab  
  19  3:01  SCV  
  20  3:12  Marine x2  
  22  3:17  Supply Depot  
  22  3:18  Orbital Command  
  22  3:29  Engineering Bay  
  22  3:30  Marine  
  22  3:31  Refinery  
  23  3:41  Supply Depot  
  23  3:46  SCV  
  24  3:53  SCV  
  25  3:58  SCV  
  26  4:05  Factory, SCV  
  27  4:10  SCV  
  27  4:14  Supply Depot  
  28  4:17  SCV  
  28  4:23  SCV  
  30  4:25  Marine x2  
  30  4:26  Marine  
  30  4:29  SCV  
  34  4:41  SCV  
  34  4:43  Marine x3  
  38  4:51  Supply Depot  
  38  4:54  Combat Shield, SCV  
  38  4:57  Stimpack  
  39  5:00  Concussive Shells  
  39  5:04  Factory Tech Lab  
  39  5:06  SCV  
  40  5:17  Armory  
  40  5:18  SCV  
  41  5:22  Marauder x2  
  41  5:26  Marauder  
  47  5:30  SCV  
  48  5:35  Refinery  
  48  5:42  SCV, Refinery  
  49  5:43  Marine x2  
  49  5:46  Marine  
  49  5:48  SCV  
  53  5:54  SCV  
  53  5:56  Supply Depot  
  54  6:00  SCV  
  54  6:03  Siege Tank  
  58  6:06  SCV  
  59  6:12  Terran Ship Weapons Level 1, SCV  
  60  6:18  SCV  
  60  6:24  SCV  
  62  6:28  Starport  
  62  6:29  Supply Depot  
  62  6:36  SCV  
  60  7:18  SCV  
  61  7:30  SCV  
  61  7:31  Starport  
  61  7:33  Starport Tech Lab  
  62  7:38  Siege Tank  
  62  7:43  SCV  
  66  7:55  SCV  
  67  8:07  Supply Depot, SCV  
  67  8:09  Starport  
  67  8:12  Starport Tech Lab  
  68  8:16  Marauder x3  
  74  8:28  Command Center  
  74  8:37  Marine x3  
  77  8:52  Supply Depot  
  77  8:54  Marine  
  77  8:55  Marine x2  
  80  9:04  Siege Tank  
  80  9:05  Viking  
  80  9:06  Viking x2  
  89  9:12  Marine x2  
  89  9:13  Marine  
  89  9:16  Supply Depot  
  92  9:29  Fusion Core  
  92  9:30  Marine x2  
  92  9:31  Marine  
  95  9:35  Viking  
  95  9:36  Viking x2, Siege Tank  
  95  9:38  Supply Depot  
  77  10:00  Supply Depot  
  77  10:05  Medivac  
  76  10:08  Siege Tank  
  75  10:29  Weapon Refit  
  74  10:37  SCV  
  74  10:41  Siege Tank  
  62  10:48  Marauder x3  
  62  10:49  SCV  
  69  11:01  SCV  
  70  11:09  Marauder, Viking x2  
  70  11:10  Viking, Marauder x2  
  82  11:13  SCV, Siege Tank  
  86  11:19  Supply Depot  
  86  11:25  SCV  
  86  11:30  Marine x2  
  86  11:31  Marine  
  90  11:37  SCV  
  90  11:39  Viking x2, Refinery  
  95  11:40  Viking  
  95  11:42  Refinery  
  95  11:45  Siege Tank  
  95  11:46  Supply Depot  
  100  11:48  Marine x3  
  100  11:50  SCV  
  104  11:54  Terran Ship Weapons Level 2  
  104  11:58  Terran Infantry Weapons Level 1  
  104  12:02  SCV  
  104  12:06  Marine x3  
  108  12:08  Supply Depot  
  108  12:10  Rapid Reignition System  
  108  12:14  SCV  
  109  12:17  Siege Tank  
  112  12:31  Supply Depot  
  110  12:54  Supply Depot  
  110  13:12  Marauder x3  
  116  13:16  Siege Tank  
  116  13:18  Viking x3  
  125  13:29  Supply Depot  
  125  13:33  Marauder x3  
  131  13:39  Command Center  
  131  13:44  Refinery  
  131  13:45  SCV  
  131  13:48  Medivac x3, Siege Tank  
  139  13:51  Supply Depot  
  139  13:52  Terran Infantry Armor Level 1  
  139  13:54  Marine x3  
  144  13:58  SCV  
  145  14:10  Terran Vehicle And Ship Armor Level 1, SCV  
  145  14:12  Marine x3  
  145  14:16  Supply Depot  
  149  14:20  Siege Tank  
  149  14:22  SCV  
  153  14:30  Marine x3  
  156  14:34  SCV  
  113  14:47  Marine  
  113  14:48  Marine x2  
  113  14:52  Thor  
  122  15:05  Marine x2  
  122  15:06  Marine  
  119  15:23  Marine x3  
  101  15:38  Siege Tank  
  101  15:41  Viking, Marine x3  
  101  15:42  Viking x2  
  102  15:59  Marine x3  
  105  16:10  Siege Tank  
  108  16:11  Viking  
  108  16:12  Viking x2  
  108  16:15  SCV  
  108  16:17  Refinery  
  115  16:25  Terran Infantry Weapons Level 2  
  115  16:27  SCV  
  115  16:28  Terran Ship Weapons Level 3  
  117  16:40  SCV  
  117  16:41  Viking  
  117  16:42  Viking x2, Siege Tank  
  126  16:52  SCV  
  127  17:04  SCV  
  128  17:12  Battlecruiser x2  
  128  17:14  Siege Tank  
  143  17:17  Starport Tech Lab  
  143  17:46  Thor  
  149  18:07  Command Center  
  149  18:16  Battlecruiser  
  149  18:18  Marauder x3  
  161  18:39  Marauder x2  
  161  18:40  Marauder  
  161  18:41  Terran Infantry Armor Level 2  
  167  19:00  Marine x3  
  170  19:05  Terran Vehicle And Ship Armor Level 2  
  170  19:18  Marine x3  
  173  19:25  Thor  
  179  19:36  Marine x3  
  182  19:54  Marine x3  
  170  20:08  Thor  
  170  20:11  Marine  
  170  20:12  Marine x2  
  149  20:48  Battlecruiser x3  
  167  20:51  Thor  
  173  21:10  Marauder x2  
  177  21:31  Marauder  
  177  21:32  Marauder  
  179  21:33  Thor  
  185  21:52  Marine x2  
  199  22:03  Refinery  
  199  22:10  Marine  
Show
View Real Time Build Order
Export as new Build Order

Coolja Protoss 

Build Orders: Oracle Opening 

Get SALT Encoding   

  12  0:01  Probe  
  13  0:15  Pylon  
  13  0:18  Probe (Chrono Boost)  
  14  0:29  Probe (Chrono Boost)  
  15  0:35  Gateway  
  15  0:43  Assimilator  
  15  0:49  Assimilator  
  15  0:51  Probe  
  16  1:03  Probe (Chrono Boost)  
  17  1:16  Probe (Chrono Boost)  
  18  1:23  Cybernetics Core  
  18  1:24  Probe (Chrono Boost)  
  19  1:34  Probe  
  20  1:57  Nexus  
  20  2:09  Stargate  
  20  2:24  Stargate  
  20  2:38  Probe  
  21  2:50  Probe  
  22  2:52  Assimilator  
  22  2:57  Pylon  
  22  3:08  Oracle (Chrono Boost)  
  22  3:12  Oracle (Chrono Boost)  
  28  3:17  Probe  
  28  3:18  Probe  
  30  3:30  Probe x2  
  32  3:38  Oracle (Chrono Boost)  
  35  3:42  Probe  
  35  3:47  Assimilator  
  35  3:48  Probe  
  37  4:00  Oracle  
  40  4:25  Oracle  
  40  5:02  Oracle x2  
  37  5:32  Void Ray (Chrono Boost)  
  37  5:39  Void Ray (Chrono Boost)  
  41  5:48  Probe  
  46  5:54  Pylon x2  
  46  5:56  Pylon  
  46  5:57  Pylon  
  46  5:59  Fleet Beacon  
  46  6:06  Void Ray (Chrono Boost)  
  46  6:12  Probe x2  
  52  6:24  Void Ray, Probe  
  57  6:37  Probe (Chrono Boost)  
  58  6:42  Probe (Chrono Boost)  
  49  6:48  Probe (Chrono Boost)  
  49  6:51  Probe (Chrono Boost)  
  49  6:57  Probe (Chrono Boost)  
  49  6:58  Probe (Chrono Boost)  
  49  7:00  Void Ray (Chrono Boost)  
  51  7:03  Probe  
  52  7:10  Void Ray (Chrono Boost)  
  60  7:15  Probe  
  60  7:22  Probe  
  62  7:28  Probe  
  63  7:34  Probe  
  64  7:40  Probe  
  65  7:46  Probe  
  65  7:48  Void Ray x2 (Chrono Boost)  
  66  7:52  Probe  
  75  8:19  Void Ray (Chrono Boost)  
  76  8:55  Void Ray  
  77  9:09  Pylon, Probe (Chrono Boost)  
  78  9:11  Pylon x2  
  78  9:12  Pylon  
  78  9:21  Void Ray  
  78  9:25  Probe  
  78  9:27  Probe  
  84  9:32  Void Ray  
  84  9:37  Probe  
  85  9:39  Probe  
  90  9:58  Void Ray (Chrono Boost)  
  90  10:09  Void Ray (Chrono Boost)  
  94  10:32  Void Ray (Chrono Boost)  
  94  10:34  Probe x2  
  96  10:42  Void Ray (Chrono Boost)  
  92  11:07  Void Ray (Chrono Boost)  
  92  11:09  Void Ray (Chrono Boost)  
  92  11:19  Unknown  
  92  11:31  Cybernetics Core  
  92  11:34  Void Ray (Chrono Boost)  
  92  11:40  Protoss Air Weapons Level 1, Probe x2  
  98  11:49  Nexus  
  98  11:52  Pylon x2, Probe x2  
  98  11:53  Assimilator  
  100  11:54  Stargate  
  100  11:55  Stargate  
  100  11:58  Assimilator  
  100  12:04  Probe x2  
  99  12:16  Probe x2  
  101  12:28  Probe x2  
  103  12:40  Void Ray x2 (Chrono Boost)  
  103  13:09  Void Ray x2 (Chrono Boost)  
  111  13:23  Void Ray x2 (Chrono Boost)  
  111  13:25  Probe (Chrono Boost)  
  108  13:31  Probe (Chrono Boost)  
  108  13:32  Probe (Chrono Boost)  
  78  13:36  Probe (Chrono Boost)  
  78  13:40  Void Ray (Chrono Boost)  
  81  13:41  Probe x2 (Chrono Boost)  
  81  13:42  Probe (Chrono Boost)  
  86  13:51  Probe x2  
  88  13:57  Carrier (Chrono Boost)  
  94  14:03  Probe  
  94  14:08  Void Ray (Chrono Boost)  
  95  14:14  Void Ray (Chrono Boost)  
  95  14:15  Probe  
  100  14:18  Void Ray (Chrono Boost)  
  108  14:27  Probe  
  109  14:33  Probe x2  
  109  14:34  Nexus  
  109  14:37  Assimilator  
  109  14:38  Void Ray  
  111  14:39  Probe  
  111  14:42  Assimilator  
  116  14:45  Probe  
  116  14:46  Probe  
  116  14:48  Void Ray  
  116  14:51  Probe  
  119  14:57  Probe  
  119  14:58  Void Ray x2  
  116  15:15  Void Ray  
  112  15:25  Void Ray (Chrono Boost)  
  112  15:32  Probe x3  
  119  15:35  Void Ray (Chrono Boost)  
  119  15:36  Void Ray (Chrono Boost)  
  127  15:44  Probe x3  
  127  15:49  Void Ray (Chrono Boost)  
  130  15:53  Probe  
  131  15:59  Void Ray (Chrono Boost)  
  135  16:05  Probe  
  135  16:08  Void Ray (Chrono Boost)  
  135  16:11  Carrier (Chrono Boost)  
  140  16:17  Probe  
  151  16:19  Void Ray  
  135  16:30  Probe  
  120  16:42  Probe  
  120  16:44  Void Ray x2  
  129  16:56  Void Ray (Chrono Boost)  
  129  17:04  Protoss Air Weapons Level 2 (Chrono Boost)  
  133  17:13  Void Ray (Chrono Boost)  
  133  17:25  Void Ray (Chrono Boost)  
  133  17:29  Void Ray (Chrono Boost)  
  129  17:31  Void Ray (Chrono Boost)  
  133  17:48  Void Ray (Chrono Boost)  
  137  17:57  Void Ray (Chrono Boost)  
  137  18:03  Void Ray x2 (Chrono Boost)  
  141  18:07  Gateway  
  141  18:08  Gateway  
  141  18:09  Gateway  
  141  18:11  Gateway  
  148  18:14  Gateway  
  148  18:18  Gateway, Void Ray (Chrono Boost)  
  148  18:20  Gateway  
  148  18:26  Void Ray (Chrono Boost)  
  152  18:29  Gateway  
  156  18:47  Void Ray  
  156  18:48  Void Ray  
  130  19:27  Void Ray (Chrono Boost)  
  130  19:28  Void Ray x3 (Chrono Boost)  
  138  19:44  Warp Gate (Chrono Boost)  
  116  19:47  Zealot x6  
  116  19:48  Zealot x3  
  121  20:01  Void Ray x2 (Chrono Boost)  
  112  20:14  Zealot x2  
  80  20:35  Zealot  
  36  20:53  Probe (Chrono Boost)  
  37  21:03  Probe (Chrono Boost)  
  38  21:08  Probe (Chrono Boost)  
  39  21:19  Probe  
  39  21:24  Zealot  
  39  21:25  Zealot  
  44  21:26  Zealot x2  
  44  21:27  Zealot x3  
  44  21:31  Probe  
  55  21:50  Probe (Chrono Boost)  
  58  21:58  Probe x2 (Chrono Boost)  
  58  22:00  Probe (Chrono Boost)  
  59  22:04  Probe (Chrono Boost), Nexus  
  59  22:05  Probe x2 (Chrono Boost)  
  58  22:16  Probe x3  
Tags
 
Add a new tag
Caveats
  • Supply blocks, unpowered buildings, or Contaminate may cause inaccurate times.
  • Supply counts are checked every 10 seconds.